 Dungeon Sprint DCSS version 0.17-a0-1450-g7e755d1 (webtiles) character file.

1852 pulse the Cleaver (level 9, 0/81 HPs)
             Began as a Formicid Berserker on June 30, 2015.
             Was a High Priest of Trog.
             Slain by a 16-headed hydra (9 damage)
             ... in the Dungeon (Sprint IX: "|||||||||||||||||||||||||||||").
             The game lasted 00:03:38 (1067 turns).

pulse the Cleaver (Formicid Berserker)              Turns: 1067, Time: 00:03:40

Health: 0/81       AC: 10    Str: 24    XL:     9   Next: 34%
Magic:  9/9        EV: 15    Int:  8    God:    Trog [*****.]
Gold:   29         SH:  0    Dex: 10    Spells: 0 memorised, 8 levels left

rFire  . . .     SeeInvis +     m - +1 broad axe (chop)
rCold  . . .     Clarity  .     o - +1 scale mail
rNeg   . . .     SustAt   .     (no shield)
rPois  .         Gourm    .     (helmet unavailable)
rElec  .         Spirit   .     (no cloak)
rCorr  .         Warding  .     (no gloves)
rMut   .         Stasis   +     (no boots)
MR     .....                    (no amulet)
Stlth  +.........               q - +2 ring of evasion
                                p - +2 ring of protection

@: very slightly contaminated, invisible, not resistant to hostile enchantments,
very unstealthy
A: permanent stasis, dig shafts and tunnels, four strong arms, antennae 3
a: Dig, Burn Spellbooks, Trog's Hand, Brothers in Arms, Renounce Religion


You were in the Dungeon.
You worshipped Trog.
Trog was extremely pleased with you.
You were not hungry.

You visited 1 branch You collected 29 gold pieces.

Inventory:

Hand weapons
 m - a +1 broad axe of chopping (weapon)
Armour
 b - a +0 animal skin
 o - a +1 scale mail (worn)
 r - a +0 buckler of positive energy
Jewellery
 p - a +2 ring of protection (left hand)
 q - a +2 ring of evasion (right hand)
Magical devices
 l - a wand of draining (1)
Scrolls
 a - a scroll of recharging
 i - 2 scrolls of blinking
 k - 4 scrolls of remove curse
 s - a scroll of identify
 t - 2 scrolls of fear
Potions
 d - 6 potions of curing
 e - 3 potions of heal wounds
 f - 2 potions of haste
 g - 4 potions of magic
 h - a potion of berserk rage
 n - a potion of might


   Skills:
 + Level 11.1 Fighting
 * Level 13.4 Axes
 + Level 7.3 Armour
 + Level 7.8 Dodging
 + Level 4.3 Stealth
 + Level 1.3 Evocations


You had 8 spell levels left.
You didn't know any spells.

Dungeon Overview and Level Annotations

Branches:
Dungeon (1/1)

Altars:
Cheibriados
Dithmenos
Elyvilon
Fedhas
Gozag
Kikubaaqudgha
Makhleb
Nemelex Xobeh
Okawaru
Qazlal
Ru
Sif Muna
Trog
Vehumet
Xom
Yredelemnul
Zin
The Shining One
Beogh
Jiyva
Lugonu


Innate Abilities, Weirdness & Mutations

You are under a permanent stasis effect.
You can dig through walls and to a lower floor.
Your four strong arms can wield two-handed weapons with a shield.
You have a pair of large antennae on your head (SInv).


Message History

The 15-headed hydra bites you but does no damage.
The 15-headed hydra misses you.
The 15-headed hydra completely misses you.
The 15-headed hydra barely misses you. The 15-headed hydra bites you.
The 15-headed hydra bites you. The 15-headed hydra barely misses you.
The 15-headed hydra bites you but does no damage. x2
The iguana hisses angrily.
You slice one of the 15-headed hydra's heads off!
The 14-headed hydra grows two more!
You slash the 16-headed hydra!
The 16-headed hydra is severely wounded.
The 16-headed hydra bites you. The 16-headed hydra closely misses you.
The 16-headed hydra bites you!
* * * LOW HITPOINT WARNING * * *
The 16-headed hydra barely misses you. x3
The 16-headed hydra bites you but does no damage.
The 16-headed hydra misses you. The 16-headed hydra closely misses you.
The 16-headed hydra bites you!
* * * LOW HITPOINT WARNING * * *
The 16-headed hydra bites you!
You die... {{{{{{{{ {{{{{{{{{{{{{ ▓▓▓▓▓▓▓▓▓▓▓▓▓▓▓▓▓▓▓▓▓▓▓▓▓ {{{{

{{ ..l.lFYD@....)......'....
▓▓▓▓▓▓▓▓▓▓▓▓▓▓▓▓▓▓▓▓▓▓▓▓▓▓▓▓▓▓▓▓▓
.................................
▓▓▓▓▓▓▓▓▓▓▓▓▓▓▓▓▓▓▓▓▓▓▓▓▓▓▓▓▓▓▓▓▓
__________________'.....')..÷))..
▓▓▓▓▓▓▓▓▓▓▓▓▓▓▓▓▓▓▓▓▓▓▓▓▓▓▓▓▓▓▓▓▓


You could see a 16-headed hydra, a komodo dragon (wandering), a yak, a giant
frog and an iguana (wandering).

Vanquished Creatures
  A cyclops (D)
  A komodo dragon (D)
  A slime creature (D)
  A trapdoor spider (D)
  A shadow (D)
  A deep elf mage (D)
  A water moccasin (D)
  A phantom (D)
  A sky beast (D)
  2 ogres (D)
  2 giant frogs (D)
  A worker ant (D)
  A shadow imp (D)
  2 bat skeletons (D)
  A giant cockroach (D)
  A hobgoblin (D)
  A kobold (D)
  A giant newt (D)
  2 goblins (D)
  A jackal (D)
  2 rats (D)
26 creatures vanquished.

Notes
Turn   | Place    | Note
--------------------------------------------------------------
     0 | D        | pulse the Formicid Berserker began the quest for the Orb.
     0 | D        | Reached XP level 1. HP: 18/18 MP: 1/1
    10 | D        | Acquired Trog's second power
   323 | D        | Noticed an ogre
   333 | D        | Killed an ogre
   333 | D        | Reached skill level 6 in Fighting
   333 | D        | Reached skill level 5 in Axes
   333 | D        | Reached skill level 1 in Stealth
   333 | D        | Reached XP level 2. HP: 23/29 MP: 2/2
   333 | D        | Reached XP level 3. HP: 27/35 MP: 3/3
   333 | D        | Reached XP level 4. HP: 31/41 MP: 4/4
   356 | D        | Found a glowing silver altar of Zin.
   356 | D        | Found a glowing golden altar of the Shining One.
   356 | D        | Found an ancient bone altar of Kikubaaqudgha.
   356 | D        | Found a basalt altar of Yredelemnul.
   356 | D        | Found a shimmering altar of Xom.
   356 | D        | Found a radiant altar of Vehumet.
   357 | D        | Found an iron altar of Okawaru.
   358 | D        | Found a burning altar of Makhleb.
   359 | D        | Found a deep blue altar of Sif Muna.
   360 | D        | Found a bloodstained altar of Trog.
   361 | D        | Found a sparkling altar of Nemelex Xobeh.
   362 | D        | Found a white marble altar of Elyvilon.
   363 | D        | Found a roughly hewn altar of Beogh.
   364 | D        | Found a viscous altar of Jiyva.
   365 | D        | Found a corrupted altar of Lugonu.
   366 | D        | Found a blossoming altar of Fedhas.
   367 | D        | Found a snail-covered altar of Cheibriados.
   368 | D        | Found a shadowy altar of Dithmenos.
   369 | D        | Found a stormy altar of Qazlal.
   370 | D        | Found an opulent altar of Gozag.
   371 | D        | Found a sacrificial altar of Ru.
   437 | D        | Noticed a sky beast
   437 | D        | Noticed a phantom
   437 | D        | Noticed a deep elf mage
   437 | D        | Noticed an ogre
   438 | D        | Acquired Trog's third power
   442 | D        | Killed an ogre
   442 | D        | Reached skill level 7 in Fighting
   442 | D        | Reached XP level 5. HP: 21/48 MP: 5/5
   449 | D        | Killed a deep elf mage
   449 | D        | Reached skill level 8 in Fighting
   449 | D        | Reached skill level 9 in Axes
   449 | D        | Reached XP level 6. HP: 24/57 MP: 6/6
   454 | D        | Killed a sky beast
   454 | D        | Reached skill level 10 in Axes
   454 | D        | Reached skill level 5 in Dodging
   454 | D        | Reached XP level 7. HP: 28/64 MP: 7/7
   463 | D        | Killed a phantom
   463 | D        | Reached skill level 5 in Armour
   694 | D        | Noticed a slime creature
   694 | D        | Noticed a cyclops
   694 | D        | Noticed a shadow
   694 | D        | Noticed a worker ant
   699 | D        | Killed a worker ant
   702 | D        | Killed a shadow
   702 | D        | Reached skill level 11 in Axes
   706 | D        | Killed a cyclops
   706 | D        | Reached skill level 10 in Fighting
   706 | D        | Reached skill level 12 in Axes
   706 | D        | Reached XP level 8. HP: 55/73 MP: 8/8
   713 | D        | Killed a slime creature
   922 | D        | Noticed a trapdoor spider
   929 | D        | Killed a trapdoor spider
   929 | D        | Received a gift from Trog
   929 | D        | Reached XP level 9. HP: 58/79 MP: 9/9
  1051 | D        | Noticed a yak
  1051 | D        | Noticed an eight-headed hydra
  1051 | D        | Noticed a water moccasin
  1051 | D        | Noticed a giant frog
  1051 | D        | Noticed a komodo dragon
  1051 | D        | Noticed a giant frog
  1052 | D        | Killed a giant frog
  1052 | D        | Killed a giant frog
  1052 | D        | Reached skill level 13 in Axes
  1055 | D        | Noticed a giant frog
  1055 | D        | Killed a komodo dragon
  1055 | D        | Reached skill level 1 in Evocations
  1055 | D        | Killed a water moccasin
  1059 | D        | Noticed a komodo dragon
  1061 | D        | Noticed an iguana
  1067 | D        | Slain by a 16-headed hydra

Vault maps used:
D:        linesprint

Action                   |  1- 3 |  4- 6 |  7- 9 || total
-------------------------+-------+-------+-------++-------
Melee: Hand axe          |    22 |    11 |       ||    33
       Broad axe         |       |    16 |    38 ||    54
Invok: Trog's Hand       |     1 |       |       ||     1
Evoke: Wand              |       |     1 |     5 ||     6
  Use: Potion            |       |       |     4 ||     4
 Stab: Invisible         |       |       |     1 ||     1
  Eat: Bread ration      |       |       |     1 ||     1
